 Dungeon Crawl Stone Soup version 0.27-a0-808-g60bc5d92e6 (webtiles) character file.

Game seed: 927517711609702462

11515 rageheart7 the Thaumaturge (level 11, -6/80 HPs)
             Began as a Demonspawn Wanderer on Mar 28, 2021.
             Was an Elder of Vehumet.
             Killed from afar by Jorgrun (54 damage)
             ... with an iron shot
             ... on level 12 of the Dungeon.
             The game lasted 00:37:30 (14261 turns).

rageheart7 the Thaumaturge (Demonspawn Wanderer)   Turns: 14261, Time: 00:37:31

Health: -6/80      AC:  9    Str: 12    XL:     11   Next: 50%
Magic:  15/24      EV:  7    Int: 26    God:    Vehumet [****..]
Gold:   636        SH:  5    Dex: 10    Spells: 8/29 levels left

rFire    + . .     SeeInvis +   f - +0 staff of Battle
rCold    + . .     Faith    .   (no shield)
rNeg     . . .     Spirit   .   t - +2 leather armour {rC+}
rPois    .         Reflect  +   (helmet restricted)
rElec    .         Harm     .   (no cloak)
rCorr    .         Rampage  .   g - +0 pair of gloves
Will     ++...     Clarity  +   b - +0 pair of boots
Stlth    +.........             w - amulet of reflection
HPRegen  0.23/turn              q - ring of see invisible
MPRegen  0.19/turn              A - ring of Attitude {*Slow +Inv +Fly Will++ Int+6}

@: grasped by roots, flying, constricted
A: horns 1, iridescent scales 1, powered by death 3, clarity, fire resistance 1,
sense surroundings 2, screaming 1
a: Renounce Religion, Evoke Invisibility


You were on level 12 of the Dungeon.
You worshipped Vehumet.
Vehumet was greatly pleased with you.
You visited 2 branches of the dungeon, and saw 13 of its levels.

You collected 636 gold pieces.

Inventory:

Hand Weapons
 f - the +0 staff of Battle (weapon)
   (You acquired it on level 5 of the Dungeon)
 l - a +2 whip of venom
Armour
 b - a +0 pair of boots (worn)
 g - a +0 pair of gloves (worn)
 j - a +2 ring mail of cold resistance
 t - a +2 leather armour of cold resistance (worn)
Jewellery
 d - a ring of poison resistance
 i - a ring of protection from cold
 q - a ring of see invisible (left hand)
 s - a ring of flight
 w - an amulet of reflection (around neck)
 y - a +6 ring of strength
 A - the ring of Attitude (right hand) {*Slow +Inv +Fly Will++ Int+6}
   (You acquired it on level 9 of the Dungeon)

   [ring of intelligence]

   It affects your intelligence (+6).
   It affects your willpower, your defense against some magical effects.
   It lets you turn invisible.
   It lets you fly.
   It may slow you when you take damage.
Wands
 c - a wand of random effects (63) (quivered)
 u - a wand of paralysis (5)
 C - a wand of acid (5)
Scrolls
 e - 2 scrolls of enchant weapon
 h - 4 scrolls of teleportation
 k - a scroll of identify
 n - a scroll of silence
 p - 2 scrolls of fear
Potions
 a - 2 potions of might
 m - 2 potions of curing
 o - a potion of attraction
 v - a potion of magic
 z - a potion of resistance
 B - 2 potions of cancellation
 D - 2 potions of mutation


   Skills:
 + Level 5.6 Fighting
 + Level 2.9 Armour
 - Level 1.0 Shields
 * Level 9.6 Spellcasting
 * Level 9.1 Conjurations
 * Level 6.6 Fire Magic
 - Level 1.7 Air Magic
 - Level 8.0 Poison Magic
 - Level 1.0 Evocations


You had 8 spell levels left.
You knew the following spells:

 Your Spells              Type           Power      Damage    Failure   Level
a - Sting                 Tmut/Pois      100%       1d8       1%          1
b - Poisonous Vapours     Pois/Air       74%        N/A       1%          2
c - Olgreb's Toxic Radia  Pois           52%        N/A       1%          4
d - Ignite Poison         Fire/Tmut/Pois 37%        N/A       1%          3
e - Mephitic Cloud        Conj/Pois/Air  61%        N/A       1%          3
f - Conjure Flame         Conj/Fire      69%        6-21      1%          3
g - Magic Dart            Conj           100%       1d8       1%          1
h - Sticky Flame          Conj/Fire      69%        2d8       1%          4

Your spell library contained the following spells:

 Spells                   Type           Power      Damage    Failure   Level
 Spider Form              Tmut/Pois      16%        N/A       3%          3
 Apportation              Tloc           24%        N/A       6%          1
 Beastly Appendage        Tmut           24%        N/A       6%          1
 Summon Small Mammal      Summ           48%        N/A       6%          1
 Blink                    Tloc           N/A        N/A       10%         2
 Call Imp                 Summ           12%        N/A       10%         2
 Slow                     Hex            12%        N/A       10%         2
 Wereblood                Tmut           12%        N/A       10%         2
 Call Canine Familiar     Summ           12%        N/A       19%         3
 Confusing Touch          Hex            12%        N/A       19%         3
 Gell's Gravitas          Tloc           6%         N/A       19%         3
 Lesser Beckoning         Tloc           6%         N/A       19%         3
 Summon Guardian Golem    Hex/Summ       12%        N/A       19%         3
 Summon Lightning Spire   Summ/Air       17%        N/A       38%         4
 Yara's Violent Unravell  Hex/Tmut       6%         3d5       38%         5
 Cause Fear               Hex            6%         N/A       52%         4
 Ice Form                 Ice/Tmut       12%        N/A       52%         4
 Petrify                  Tmut/Erth      12%        N/A       52%         4
 Summon Ice Beast         Ice/Summ       12%        N/A       52%         4
 Silence                  Hex/Air        8%         N/A       75%         5
 Blade Hands              Tmut           6%         N/A       86%         5
 Metabolic Englaciation   Hex/Ice        6%         N/A       86%         5
 Discord                  Hex            6%         N/A       100%        8


Dungeon Overview and Level Annotations

Branches:
Dungeon (12/15)            Temple (1/1) D:4            Lair (0/6) D:9
    Orc (0/2) D:11

Altars:
Ashenzari
Cheibriados
Dithmenos
Elyvilon
Fedhas
Gozag
Hepliaklqana
Kikubaaqudgha
Makhleb
Nemelex Xobeh
Okawaru
Qazlal
Ru
Sif Muna
Trog
Uskayaw
Vehumet
Wu Jian
Xom
Yredelemnul
Zin
The Shining One

Shops:
D:10 (

Portals:
Trove: D:11 (give 14 scrolls of teleportation)

Annotations:
D:12 Jorgrun


Innate Abilities, Weirdness & Mutations

You have a pair of small horns on your head.
You are partially covered in iridescent scales. (AC +2)
You regenerate a lot of health from kills.
You possess an exceptional clarity of mind.
Your flesh is heat resistant. (rF+)
You passively map the area around you.
You occasionally shout uncontrollably at your foes.


Message History

Jorgrun is poisoned.
Casting: Poisonous Vapours (safe; 1% risk of failure)
Confirm with . or Enter, or press ? or * to list all spells.
You can't see any susceptible monsters within range! (Use Z to cast anyway.)
Casting: Poisonous Vapours (safe; 1% risk of failure)
Confirm with . or Enter, or press ? or * to list all spells.
Aiming: Poisonous Vapours (safe; 1% risk of failure)
Press: ? - help, Dir - move target, f/p - Jorgrun
Aim: Jorgrun, wielding a staff of earth and wearing a +0 robe (lightly wounded, poisoned) Poisonous vapours surround Jorgrun!
Jorgrun is engulfed in poison gas.
Jorgrun looks even sicker.
Jorgrun says, "'tis place shall be yer tomb!"
Casting: Poisonous Vapours (safe; 1% risk of failure)
Confirm with . or Enter, or press ? or * to list all spells.
You can't see any susceptible monsters within range! (Use Z to cast anyway.) Unknown command.
Casting: Poisonous Vapours (safe; 1% risk of failure)
Confirm with . or Enter, or press ? or * to list all spells.
Aiming: Poisonous Vapours (safe; 1% risk of failure)
Press: ? - help, Dir - move target, f/p - Jorgrun
Aim: Jorgrun, wielding a staff of earth and wearing a +0 robe (lightly wounded, very poisoned) Poisonous vapours surround Jorgrun!
Jorgrun is engulfed in poison gas.
Jorgrun looks even sicker.
Jorgrun casts a spell at you.
Roots burst forth from the earth!
The grasping roots grab you! The grasping roots constrict you.
Casting: Poisonous Vapours (safe; 1% risk of failure)
Confirm with . or Enter, or press ? or * to list all spells.
You ignite the poison in your surroundings!
Jorgrun seems to burn from within!!!
Jorgrun is heavily wounded.
Jorgrun is engulfed in blazing flames.
Jorgrun points at you and mumbles some strange words.
The iron shot hits you!!! The grasping roots constrict you.
You feel much better.
Jorgrun is engulfed in blazing flames.
Jorgrun points at you and mumbles some strange words.
The iron shot hits you!!!
Ouch! That really hurt!
You die...

*≈,≈* * , ,
..........# ≈ ,, #.,
.........## * ...
..$.☼.....## , ,
*...##.#.g......#
.....#.........# ,
###.........<......
* , ..#..
#....*......# ,
.....##...@........*
,
#....##.......#..,*
, *...##.).).###. *
, , #.#....###.... *
* * ,.
#......##....# * *
..* #......#....###*
,,***
...##..#.)........ *
,
.....[.##)........,
,,,
#..............#. ,


You could see Jorgrun and a friendly battlesphere.

Vanquished Creatures
  Harold (D:11)
  A boulder beetle (D:11)
  Pikel (D:8)
  A manticore (D:8)
  2 cyclopes (D:11)
  Joseph (D:8)
  Psyche (D:9)
  A kobold demonologist (D:10)
  A komodo dragon (D:11)
  3 trolls
  A shadow (D:11)
  A wyvern (D:10)
  3 yaks (D:11)
  A basilisk (D:12)
  Grum (D:8)
  5 water moccasins
  A two-headed ogre zombie (D:11)
  A hornet zombie (D:7)
  An ice beast (D:8)
  6 orc warriors
  2 sky beasts
  4 black bears
  2 necrophages
  2 wolves (D:8)
  8 centaurs
  2 ogres (D:5)
  2 lemures (D:8)
  2 phantoms (D:11)
  3 bullfrogs
  2 kobold brigands
  A wyvern zombie (D:9)
  A gnoll sergeant (D:9)
  2 scorpions
  5 troll zombies (D:11)
  8 wights
  8 killer bees
  6 centaur zombies
  A jelly (D:5)
  A bullfrog skeleton (D:5)
  2 gnoll shamans
  4 hounds
  4 orc priests
  Ijyb (D:3)
  Jessica (D:3)
  2 iguanas
  Terence (D:3)
  9 orc wizards
  A killer bee zombie (D:7)
  2 ogre zombies (D:11)
  2 howler monkey zombies
  13 gnolls
  3 adders
  2 worms
  5 dart slugs
  17 orcs
  7 endoplasms
  3 giant cockroaches
  10 goblins
  3 hobgoblins
  2 jackals (D:2)
  4 quokkas
  5 ball pythons
  5 bats
  6 frilled lizards
  A goblin skeleton (D:11)
  2 goblin zombies (D:11)
  5 hobgoblin zombies (D:11)
  15 kobolds
  6 orc skeletons (D:11)
  11 orc zombies (D:11)
  6 rats
256 creatures vanquished.

Vanquished Creatures (others)
  A hobgoblin (D:2)
  19 fungi (D:9)
  26 plants (D:9)
46 creatures vanquished.

Grand Total: 302 creatures vanquished

Notes
Turn   | Place    | Note
-------+----------+-------------------------------------------
     0 | D:1      | rageheart7 the Demonspawn Wanderer began the quest for the
                  | Orb.
     0 | D:1      | rageheart7 set off with the following items: a +0 club, a
                  | wand of random effects (15), a +0 robe; and the following
                  | spells available to memorise: Sting, Poisonous Vapours,
                  | Apportation, Mephitic Cloud, Ignite Poison, Lesser
                  | Beckoning, Olgreb's Toxic Radiance
     0 | D:1      | Reached XP level 1. HP: 15/15 MP: 3/3
     2 | D:1      | Learned a level 1 spell: Sting
   702 | D:1      | Gained mutation: You are partially covered in iridescent
                  | scales. (AC +2) [demonic ancestry]
   702 | D:1      | Reached XP level 2. HP: 21/21 MP: 0/5
   983 | D:1      | Learned a level 2 spell: Poisonous Vapours
  1727 | D:2      | Gained mutation: You regenerate a little health from kills.
                  | [demonic ancestry]
  1727 | D:2      | Reached XP level 3. HP: 27/27 MP: 3/6
  2857 | D:2      | Gained mutation: You regenerate health from kills. [demonic
                  | ancestry]
  2857 | D:2      | Reached XP level 4. HP: 32/33 MP: 8/8
  3087 | D:3      | Noticed Ijyb
  3100 | D:3      | Paralysed by Ijyb for 7 turns
  3110 | D:3      | Killed Ijyb
  3634 | D:3      | Found a faded altar of an unknown god.
  3681 | D:3      | Noticed Terence
  3681 | D:3      | Noticed a water moccasin
  3688 | D:3      | Found a sacrificial altar of Ru.
  3699 | D:3      | Killed a water moccasin
  3700 | D:3      | Reached XP level 5. HP: 18/41 MP: 1/10
  4340 | D:3      | Reached XP level 6. HP: 47/47 MP: 11/11
  4387 | D:3      | Noticed Jessica
  4390 | D:3      | Killed Jessica
  4760 | D:3      | Killed Terence
  4978 | D:4      | Found a staircase to the Ecumenical Temple.
  4994 | Temple   | Entered the Ecumenical Temple
  5043 | Temple   | Became a worshipper of Vehumet
  5880 | D:5      | Entered Level 5 of the Dungeon
  5880 | D:5      | Noticed a water moccasin
  5896 | D:5      | Killed a water moccasin
  6087 | D:4      | Learned a level 4 spell: Olgreb's Toxic Radiance
  6091 | D:4      | Learned a level 3 spell: Ignite Poison
  6095 | D:4      | Learned a level 3 spell: Mephitic Cloud
  6395 | D:5      | Reached XP level 7. HP: 44/54 MP: 11/13
  7237 | D:5      | Identified a scroll of acquirement
  7237 | D:5      | Acquired the +0 staff of Battle
  7238 | D:5      | Found the +0 staff of Battle
  7300 | D:5      | Gained mutation: Your spells are a little easier to cast,
                  | but a little less powerful. [potion of mutation]
  7300 | D:5      | Gained mutation: Your magical capacity is low. (-10% MP)
                  | [potion of mutation]
  7300 | D:5      | Gained mutation: Armour fits poorly on your strangely
                  | shaped body. [potion of mutation]
  7300 | D:5      | Gained mutation: Your flesh is cold resistant. (rC+)
                  | [potion of mutation]
  7320 | D:6      | Reached skill level 5 in Spellcasting
  7320 | D:6      | Reached skill level 5 in Poison Magic
  7363 | D:6      | Reached skill level 5 in Fighting
  7363 | D:6      | Reached skill level 1 in Conjurations
  7665 | D:6      | Reached XP level 8. HP: 62/62 MP: 1/14
  8515 | D:6      | Learned a level 3 spell: Conjure Flame
  8517 | D:6      | Learned a level 1 spell: Magic Dart
  8948 | D:7      | Gained mutation: You regenerate a lot of health from kills.
                  | [demonic ancestry]
  8948 | D:7      | Reached XP level 9. HP: 68/68 MP: 10/16
  9169 | D:7      | Reached * piety under Vehumet
  9169 | D:7      | Offered knowledge of Freeze by Vehumet.
  9947 | D:7      | Lost mutation: Armour fits poorly on your strangely shaped
                  | body. [potion of mutation]
  9947 | D:7      | Lost mutation: Your flesh is cold resistant. (rC+) [potion
                  | of mutation]
  9947 | D:7      | Gained mutation: You occasionally shout uncontrollably at
                  | your foes. [potion of mutation]
  9947 | D:7      | Gained mutation: You passively map a small area around you.
                  | [potion of mutation]
  9947 | D:7      | Gained mutation: You possess an exceptional clarity of
                  | mind. [potion of mutation]
  9947 | D:7      | Gained mutation: Your flesh is heat resistant. (rF+)
                  | [potion of mutation]
  9985 | D:7      | Reached skill level 5 in Conjurations
 10145 | D:8      | Noticed Grum
 10151 | D:8      | Killed Grum
 10152 | D:8      | Reached skill level 1 in Fire Magic
 10320 | D:8      | Noticed Pikel
 10329 | D:8      | Killed Pikel
 10751 | D:8      | Noticed Joseph
 10771 | D:8      | Killed Joseph
 10772 | D:8      | Reached XP level 10. HP: 45/74 MP: 6/19
 11239 | D:8      | Noticed a manticore
 11246 | D:8      | Killed a manticore
 11424 | D:8      | Found a shimmering blue altar of Sif Muna.
 11497 | D:9      | Offered knowledge of Sandblast by Vehumet.
 11528 | D:9      | Reached ** piety under Vehumet
 11971 | D:9      | Found a staircase to the Lair.
 11991 | D:9      | Identified the +2 flail of Spring {freeze, rElec rPois}
 12138 | D:9      | Found an opulent altar of Gozag.
 12138 | D:9      | Found a basalt altar of Yredelemnul.
 12144 | D:9      | Found a broken altar of Ashenzari.
 12144 | D:9      | Noticed Psyche
 12147 | D:9      | Killed Psyche
 12149 | D:9      | Found a faded altar of an unknown god.
 12379 | D:9      | Found an iron altar of Okawaru.
 12379 | D:9      | Found an ornate altar of the Wu Jian Council.
 12506 | D:9      | Reached skill level 5 in Fire Magic
 12541 | D:9      | Offered knowledge of Dazzling Flash by Vehumet.
 12630 | D:9      | Lost mutation: Your spells are a little easier to cast, but
                  | a little less powerful. [potion of mutation]
 12630 | D:9      | Lost mutation: Your magical capacity is low. (-10% MP)
                  | [potion of mutation]
 12630 | D:9      | Gained mutation: You passively map the area around you.
                  | [potion of mutation]
 12631 | D:9      | Acquired the ring of Attitude {*Slow +Inv +Fly Will++
                  | Int+6}
 12682 | D:10     | Entered Level 10 of the Dungeon
 12692 | D:10     | Found Ucyac's Weapon Boutique.
 13253 | D:11     | Reached *** piety under Vehumet
 13257 | D:11     | Gained mutation: You have a pair of small horns on your
                  | head. [demonic ancestry]
 13257 | D:11     | Reached XP level 11. HP: 79/79 MP: 8/24
 13343 | D:11     | Found a staircase to the Orcish Mines.
 13397 | D:11     | Noticed a boulder beetle
 13405 | D:11     | Killed a boulder beetle
 13708 | D:11     | Offered knowledge of Inner Flame by Vehumet.
 13732 | D:11     | Found a portal to a secret trove of treasure.
 13877 | D:11     | Noticed Harold
 13883 | D:11     | Killed Harold
 13883 | D:11     | Reached **** piety under Vehumet
 14200 | D:12     | Offered knowledge of Sticky Flame by Vehumet.
 14206 | D:12     | Learned a level 4 spell: Sticky Flame
 14256 | D:12     | Noticed Jorgrun
 14261 | D:12     | Killed from afar by Jorgrun

Illustrated notes

Levels and vault maps discovered:
D:1:      lemuel_arrival_behind_the_door_large, layout_loops_ring,
          dk_noncrumbling_4
D:2:      layout_basic
D:3:      layout_basic, chequers_ecumenical_altar_grove,
          nicolae_ru_path_of_blood, uniq_ijyb, uniq_terence, uniq_jessica
D:4:      layout_basic, minmay_temple_entry_grid
D:5:      layout_gridville
D:6:      layout_rooms, minmay_fountain_box
D:7:      layout_loops_cross, hangedman_decor_opposing
D:8:      layout_loops_corners, marbit_many_paths, uniq_pikel, uniq_grum,
          uniq_joseph
D:9:      layout_loops_cross, chequers_temple_overflow_minitemple, minitemple,
          grunt_lair_entry_orc_guard_hut, minmay_misc_feat_rows, uniq_psyche
D:10:     layout_rooms, serial_shops, shop
D:11:     layout_basic, zombieorc2_lemuel, enter_trove_2, uniq_harold
D:12:     layout_cave_pools, kennysheep_cross_bottleneck, uniq_jorgrun
Temple:   eino_wide_crystal_templ

Skill      XL: |  1  2  3  4  5  6  7  8  9 10 11 |
---------------+----------------------------------+-----
Fighting       | 2 3 4 5 |  5.6
Poison Magic   | 2 3 4 5 6 8 |  8.0
Spellcasting   | 3 4 5 6 7 9 |  9.6
Conjurations   | 1 4 6 8 9 |  9.1
Fire Magic     | 3 5 6 |  6.6
Armour         | 2 |  2.9
Shields        | |  1.0
Air Magic      | |  1.7
Evocations     | |  1.0

Action                   |  1- 3 |  4- 6 |  7- 9 | 10-12 || total
-------------------------+-------+-------+-------+-------++-------
Melee: Club              |    98 |       |       |       ||    98
       Dagger            |    15 |   155 |    16 |       ||   186
       Staff             |       |       |    87 |    21 ||   108
 Cast: Sting             |    42 |    40 |    41 |    17 ||   140
       Poisonous Vapours |       |     7 |    14 |     8 ||    29
       Olgreb's Toxic Ra |       |       |     3 |    12 ||    15
       Magic Dart        |       |       |   102 |   193 ||   295
       Mephitic Cloud    |       |       |     9 |     7 ||    16
       Ignite Poison     |       |       |     2 |    16 ||    18
       Conjure Flame     |       |       |     1 |       ||     1
Evoke: Wand              |       |       |    11 |       ||    11
  Use: Potion            |     1 |     2 |     7 |     6 ||    16
       Scroll            |       |       |    12 |    10 ||    22
 Stab: Sleeping          |     1 |       |       |       ||     1
       Paralysed         |       |       |     5 |       ||     5
       Petrified         |       |       |     1 |       ||     1
Armor: Robe              |    88 |    71 |    48 |       ||   207
       Skin              |       |       |    34 |       ||    34
       Animal skin       |       |       |     2 |     9 ||    11
       Leather armour    |       |       |       |     5 ||     5
Dodge: Dodged            |   123 |   109 |    98 |    30 ||   360
Block: Other             |       |       |       |     7 ||     7
       Reflection        |       |       |       |     1 ||     1

Table legend: (Time is in decaauts)
 A = Elapsed time spent in this place.
 B = Non-inter-level travel time spent in this place.
 C = Inter-level travel time spent in this place.
 D = Time resting spent in this place.
 E = Time spent auto-exploring this place.
 F = Levels seen in this place.
 G = Mean time per level.
                   A        B        C        D        E       F      G
               +--------+--------+--------+--------+--------+-----+--------+
         Total |  14310 |  14020 |    290 |   1022 |  11120 |  13 | 1100.8 |
       Dungeon |  14246 |  13969 |    277 |   1022 |  11078 |  12 | 1187.2 |
        Temple |     63 |     50 |     13 |      0 |     42 |   1 |   63.0 |
               +--------+--------+--------+--------+--------+-----+--------+

Top non-repeatable levels by time:
     D:3: 1773 daAuts
     D:1: 1680 daAuts
     D:8: 1590 daAuts
     D:7: 1480 daAuts
     D:2: 1424 daAuts
     D:6: 1248 daAuts
     D:5: 1226 daAuts
     D:4: 1165 daAuts
     D:9: 1077 daAuts
    D:11: 854 daAuts
    D:10: 535 daAuts
    D:12: 188 daAuts
  Temple: 63 daAuts
